 Dungeon Crawl Stone Soup version 0.31-a0-187-gba352fbbf7 (webtiles) character file.

Game seed: 6942259930935852109

2579 qw the Markself (level 9, 0/52 HPs)
             Began as a Deep Elf Hunter on June 22, 2023.
             Was an Initiate of Okawaru.
             Slain by a komodo dragon (24 damage)
             ... on level 8 of the Dungeon.
             The game lasted 00:02:26 (6419 turns).

qw the Markself (Deep Elf Hunter)                   Turns: 6419, Time: 00:02:27

Health: 0/52       AC:  7    Str:  8    XL:     9   Next: 32%
Magic:  9/11       EV: 17    Int: 15    God:    Okawaru [......]
Gold:   431        SH:  5    Dex: 18    Spells: 8/8 levels left

rFire   . . .        b - +0 orcbow "Borycal" {heavy, rPois Str-4 SInv}
rCold   . . .        (shield currently unavailable)
rNeg    . . .        o - +2 ring mail
rPois   +            (no helmet)
rElec   .            (no cloak)
rCorr   .            (no gloves)
SInv    +            (no boots)
Will    +....        j - amulet of reflection
Stlth   +            l - +5 ring of evasion
HPRegen 0.28/turn    h - ring of willpower
MPRegen 0.12/turn

%: reflection
@: no status effects
A: no striking features
a: Renounce Religion


You were on level 8 of the Dungeon.
You worshipped Okawaru.
Okawaru was noncommittal.
You visited 2 branches of the dungeon, and saw 9 of its levels.

You collected 431 gold pieces.


   Skills:
 + Level 3.7 Fighting
 - Level 15.2 Ranged Weapons
 - Level 1.2 Armour
 - Level 5.0 Dodging
 - Level 1.2 Stealth


You had 8 spell levels left.
You didn't know any spells.
Your spell library was empty.

Inventory:

Hand Weapons
 b - the +0 orcbow "Borycal" (weapon) {heavy, rPois Str-4 SInv}
   (You acquired it on level 2 of the Dungeon)

   Str:       It affects your strength (-4).
   rPois:     It protects you from poison.
   SInv:      It lets you see invisible.
Armour
 o - a +2 ring mail (worn)
Jewellery
 h - a ring of willpower (right hand)
 j - an amulet of reflection (around neck)
 k - a ring of resist corrosion
 l - a +5 ring of evasion (left hand)
Scrolls
 f - a scroll of identify
Potions
 c - a potion of degeneration {unknown}
 d - 5 potions of curing
 e - a potion of brilliance {unknown}
 g - 3 potions of haste
 i - 3 potions of might
 m - a potion of invisibility {unknown}
 n - a potion of cancellation {unknown}
 p - a potion of enlightenment {unknown}

Dungeon Overview and Level Annotations

Branches:
Dungeon (8/15)             Temple (1/1) D:7
   Lair: D:8-11

Altars:
Ashenzari
Dithmenos
Elyvilon
Fedhas
Gozag
Hepliaklqana
Kikubaaqudgha
Makhleb
Nemelex Xobeh
Okawaru
Qazlal
Ru
Sif Muna
Wu Jian
Xom
Yredelemnul
Zin
The Shining One

Shops:
D:4 *

Annotations:
D:2 1 runed translucent door, exclusion: hobgoblin, Crazy Yiuf
D:3 1 runed translucent door, qw's ghost, amateur DEHu
D:6 exclusion: gnoll


Message History

The killer bee misses you. The killer bee stings you.
The killer bee completely misses you. x2
You shoot an arrow. The arrow misses the killer bee.
The killer bee completely misses you.
The killer bee stings you but does no damage.
You block the killer bee's attack.
The killer bee completely misses you. x3
You shoot an arrow. The arrow misses the killer bee.
The killer bee closely misses you. The killer bee misses you.
The killer bee completely misses you.
The killer bee stings you but does no damage.
You shoot an arrow.
The arrow hits the killer bee but does no damage.
The killer bee stings you but does no damage.
The killer bee misses you. The killer bee closely misses you.
You block the killer bee's attack.
You shoot an arrow. The arrow hits the killer bee!!
You kill the killer bee!
Okawaru accepts your kill. The killer bee closely misses you.
The killer bee misses you. The killer bee closely misses you.
The komodo dragon closely misses you.
You shoot an arrow.
The arrow hits the komodo dragon but does no damage.
The killer bee barely misses you. You block the killer bee's attack.
The komodo dragon closely misses you. The killer bee barely misses you.
You shoot an arrow. The arrow hits the komodo dragon!!
The komodo dragon is severely wounded.
You feel like a meek peon again. The killer bee closely misses you.
The killer bee barely misses you. The komodo dragon closely misses you.
You shoot an arrow.
The arrow barely misses the komodo dragon.
The killer bee stings you.
The killer bee stings you but does no damage.
The komodo dragon closely misses you.
You shoot an arrow. The arrow hits the komodo dragon.
The komodo dragon is severely wounded.
The killer bee completely misses you. You block the killer bee's attack.
The komodo dragon barely misses you. The killer bee closely misses you.
The komodo dragon bites you!!
You die...

#P....P..##
#P.........
#P...P.P.#
#.P......#
#PPP.%..#
#PP.....# #
#PPl..# . #@y.#
# ##..# # ##.#
# #.# # #.## #
#..# # ##.#
####### #.#
#......
#.#######<#.#.#


You could see a komodo dragon and a killer bee.

Vanquished Creatures
  Grinder (D:6)
  3 slime creatures
  Edmund (D:5)
  A water moccasin (D:6)
  An ice beast (D:6)
  A black bear (D:7)
  3 ogres
  Blork the orc (D:6)
  3 bullfrogs
  A scorpion (D:5)
  5 killer bees (D:8)
  2 gnoll boudas
  3 orc priests
  A hound (D:6)
  3 jellies
  A sleepcap (D:6)
  An iguana (D:5)
  3 orc wizards
  13 gnolls
  10 adders
  2 ufetubi (D:7)
  2 worms
  2 dart slugs
  16 orcs
  6 ball pythons
  2 bats
  4 endoplasms
  5 giant cockroaches
  6 goblins
  12 hobgoblins
  11 jackals (D:1)
  3 quokkas
  6 frilled lizards
  7 kobolds
  5 rats
147 creatures vanquished.

Notes
Turn   | Place    | Note
-------+----------+-------------------------------------------
     0 | D:1      | qw the Deep Elf Hunter began the quest for the Orb.
     0 | D:1      | Reached XP level 1. HP: 12/12 MP: 3/3
     0 | D:1      | 0 ||| qw: Version: 0.3-a-9-g12657ce
     0 | D:1      | 0 ||| qw: Game counter: 2246
     0 | D:1      | 0 ||| qw: Always use a shield: true
     0 | D:1      | 0 ||| qw: God list: Okawaru
     0 | D:1      | 0 ||| qw: Allow faded altars: false
     0 | D:1      | 0 ||| qw: Do Orc after D:15 true
     0 | D:1      | 0 ||| qw: Do second Lair branch before Depths: true
     0 | D:1      | 0 ||| qw: Lair rune preference: random
     0 | D:1      | 0 ||| qw: Plans: Normal
     0 | D:1      | 0 ||| PLANNING D:1-11
   156 | D:1      | Reached skill level 6 in Ranged Weapons
   156 | D:1      | Reached XP level 2. HP: 11/16 MP: 4/4
   330 | D:1      | HP: 4/16 [jackal (2)]
   582 | D:1      | Reached XP level 3. HP: 20/20 MP: 5/5
  1016 | D:1      | Reached skill level 7 in Ranged Weapons
  1044 | D:1      | 1044 ||| READING scroll labelled NUEHYX BAPP.
  1047 | D:1      | 1047 ||| READING scroll labelled ETINADO IZASS.
  1048 | D:1      | 1048 ||| DROPPING scroll of butterflies.
  1116 | D:2      | Found a glowing golden altar of the Shining One.
  1154 | D:2      | Found a faded altar of an unknown god.
  1155 | D:2      | 1155 ||| UPGRADING to ring of willpower.
  1223 | D:2      | Reached XP level 4. HP: 25/25 MP: 6/6
  1235 | D:2      | HP: 5/25 [gnoll/+0 club (5)]
  1611 | D:2      | Found a runed translucent door.
  1612 | D:2      | Noticed Crazy Yiuf
  1724 | D:2      | 1724 ||| READING scroll labelled HAULAJ GOTOS.
  1725 | D:2      | 1725 ||| READING scroll labelled YTRU BILAESAJ.
  1725 | D:2      | Identified a scroll of acquirement
  1725 | D:2      | 1725 ||| ACQUIRING +0 orcbow "Borycal" {heavy, rPois Str-4
                  | SInv}
  1725 | D:2      | Acquired the +0 orcbow "Borycal" {heavy, rPois Str-4 SInv}
  1727 | D:2      | 1727 ||| SWAPPING to +0 orcbow "Borycal" {heavy, rPois
                  | Str-4 SInv}.
  1728 | D:2      | 1728 ||| DROPPING +0 shortbow.
  1729 | D:2      | 1729 ||| READING scroll labelled EFUERCH UMISCH.
  1730 | D:2      | 1730 ||| DRINKING 2 fuming green potions.
  1731 | D:2      | 1731 ||| DRINKING 2 bubbling brown potions.
  1840 | D:2      | 1840 ||| DROPPING potion of berserk rage.
  1879 | D:3      | Reached skill level 8 in Ranged Weapons
  2030 | D:3      | Found a runed translucent door.
  2299 | D:3      | Reached XP level 5. HP: 27/29 MP: 7/7
  2390 | D:3      | Identified the +5 whip "Somof" {flame, Dex+3}
  2657 | D:3      | Noticed qw's ghost (amateur DEHu)
  2745 | D:3      | 2745 ||| UPGRADING to +0 scale mail.
  2755 | D:3      | 2755 ||| DROPPING +0 leather armour.
  2756 | D:3      | 2756 ||| DROPPING amulet of magic regeneration.
  2757 | D:3      | 2757 ||| READING 2 scrolls labelled JITZADI BA FUS.
  2758 | D:3      | 2758 ||| READING scroll labelled BOZIRI YPIAM.
  2759 | D:3      | 2759 ||| READING scroll labelled LOCOZX SOWA.
  2760 | D:3      | 2760 ||| DRINKING 4 grey potions.
  2761 | D:3      | 2761 ||| DRINKING 3 white potions.
  2762 | D:3      | 2762 ||| DROPPING scroll of vulnerability.
  2794 | D:4      | Noticed an ogre
  2796 | D:4      | Killed an ogre
  2797 | D:4      | Reached skill level 9 in Ranged Weapons
  2805 | D:4      | Reached XP level 6. HP: 35/35 MP: 8/8
  2972 | D:4      | Reached skill level 1 in Armour
  2973 | D:4      | HP: 7/35 [frozen (4)]
  2974 | D:4      | 2974 ||| DRINKING potion of heal wounds.
  3010 | D:4      | Found a sacrificial altar of Ru.
  3044 | D:4      | Found Regichim's General Store.
  3063 | D:4      | 3063 ||| SHOPLISTING amulet of the acrobat (360 gold, have
                  | 269).
  3243 | D:4      | 3243 ||| UPGRADING to amulet of reflection.
  3248 | D:4      | 3248 ||| DROPPING ring of flight.
  3249 | D:4      | 3249 ||| READING scroll labelled PEGHUA JEIHA.
  3250 | D:4      | 3250 ||| READING scroll labelled RYTTUE AN ERHE.
  3251 | D:4      | 3251 ||| READING scroll labelled KEENUI LEORYRR.
  3252 | D:4      | 3252 ||| DRINKING 3 yellow potions.
  3267 | D:5      | Entered Level 5 of the Dungeon
  3483 | D:5      | Found an ornate altar of the Wu Jian Council.
  3621 | D:5      | Reached skill level 10 in Ranged Weapons
  3670 | D:5      | Reached XP level 7. HP: 39/40 MP: 9/9
  3988 | D:5      | 3988 ||| UPGRADING to ring of resist corrosion.
  3989 | D:5      | 3989 ||| UPGRADING to +5 ring of evasion.
  3991 | D:5      | 3991 ||| UPGRADING to ring of willpower.
  3993 | D:5      | 3993 ||| READING scroll labelled NEAWEA GAOG.
  4147 | D:6      | 4147 ||| STAIRDANCE
  4220 | D:6      | Reached skill level 11 in Ranged Weapons
  4223 | D:6      | Noticed Blork the orc
  4229 | D:6      | HP: 7/40 [Blork the orc/+0 battleaxe of flaming (10)]
  4229 | D:6      | HP: 2/40 [Blork the orc/+0 battleaxe of flaming (5)]
  4230 | D:6      | Killed Blork the orc
  4402 | D:6      | Noticed Grinder
  4408 | D:6      | Killed Grinder
  4409 | D:6      | Reached skill level 12 in Ranged Weapons
  4535 | D:6      | 4535 ||| Stepping ~*~*~tactically~*~*~ (outnumbered).
  4537 | D:6      | 4537 ||| Stepping ~*~*~tactically~*~*~ (outnumbered).
  4545 | D:6      | 4545 ||| FLEEEEING.
  4546 | D:6      | 4546 ||| FLEEEEING.
  4635 | D:6      | Reached XP level 8. HP: 45/45 MP: 10/10
  4703 | D:6      | Noticed Edmund
  4704 | D:6      | Reached skill level 3 in Fighting
  4705 | D:6      | 4705 ||| FLEEEEING.
  4706 | D:6      | 4706 ||| FLEEEEING.
  4707 | D:6      | 4707 ||| FLEEEEING.
  4708 | D:6      | 4708 ||| FLEEEEING.
  4709 | D:6      | 4709 ||| FLEEEEING.
  4710 | D:6      | 4710 ||| FLEEEEING.
  4711 | D:6      | 4711 ||| FLEEEEING.
  4712 | D:6      | 4712 ||| FLEEEEING.
  4713 | D:6      | 4713 ||| FLEEEEING.
  4714 | D:6      | 4714 ||| FLEEEEING.
  4715 | D:6      | 4715 ||| FLEEEEING.
  4718 | D:6      | 4718 ||| FLEEEEING.
  4719 | D:6      | 4719 ||| STAIRDANCE
  4748 | D:6      | 4748 ||| STAIRDANCE
  4756 | D:5      | Killed Edmund
  4883 | D:6      | Found a glowing silver altar of Zin.
  4884 | D:6      | Found a burning altar of Makhleb.
  4885 | D:6      | Found a shimmering blue altar of Sif Muna.
  4886 | D:6      | Found a shadowy altar of Dithmenos.
  4887 | D:6      | Found a shimmering altar of Xom.
  4888 | D:6      | Found a blossoming altar of Fedhas.
  5020 | D:6      | Reached skill level 13 in Ranged Weapons
  5269 | D:6      | 5269 ||| READING scroll labelled YRIGOWN NAASE.
  5326 | D:7      | Reached skill level 14 in Ranged Weapons
  5349 | D:7      | Found a staircase to the Ecumenical Temple.
  5350 | D:7      | 5350 ||| PLANNING TEMPLE
  5350 | D:7      | 5350 ||| UPGRADING to +0 ring mail.
  5360 | D:7      | 5360 ||| DROPPING +0 scale mail.
  5361 | D:7      | 5361 ||| READING scroll of enchant armour.
  5361 | D:7      | 5361 ||| ENCHANTING +0 ring mail.
  5371 | Temple   | Entered the Ecumenical Temple
  5409 | Temple   | 5409 ||| PLANNING OKAWARU WORSHIP
  5483 | Temple   | Became a worshipper of Warmaster Okawaru
  5484 | Temple   | 5484 ||| PLANNING D:1-11
  5554 | D:7      | Reached skill level 3 in Dodging
  5563 | D:7      | 5563 ||| READING scroll of enchant armour.
  5563 | D:7      | 5563 ||| ENCHANTING +1 ring mail.
  5634 | D:7      | Found a sparkling altar of Nemelex Xobeh.
  6123 | D:8      | Identified the staff "Imuicuar" {Drain rElec rC+ Str-3 SInv
                  | Ice}
  6160 | D:8      | Noticed a slime creature
  6163 | D:8      | Noticed a slime creature
  6169 | D:8      | Killed a slime creature
  6170 | D:8      | Reached XP level 9. HP: 38/51 MP: 11/11
  6176 | D:8      | 6176 ||| FLEEEEING.
  6177 | D:8      | 6177 ||| FLEEEEING.
  6181 | D:8      | 6181 ||| FLEEEEING.
  6182 | D:8      | 6182 ||| FLEEEEING.
  6184 | D:8      | 6184 ||| FLEEEEING.
  6185 | D:8      | 6185 ||| FLEEEEING.
  6186 | D:8      | 6186 ||| FLEEEEING.
  6187 | D:8      | 6187 ||| STAIRDANCE
  6270 | D:7      | 6270 ||| READING 2 scrolls of identify.
  6270 | D:7      | 6270 ||| IDENTIFYING black potion
  6271 | D:7      | 6271 ||| DROPPING potion of lignification.
  6275 | D:8      | 6275 ||| STAIRDANCE
  6281 | D:7      | Reached * piety under Okawaru
  6282 | D:7      | Reached skill level 15 in Ranged Weapons
  6355 | D:8      | 6355 ||| INVOKING Heroism.
  6361 | D:8      | 6361 ||| Stepping ~*~*~tactically~*~*~ (outnumbered).
  6396 | D:8      | Noticed a komodo dragon
  6400 | D:8      | 6400 ||| INVOKING Heroism.
  6409 | D:8      | 6409 ||| INVOKING Heroism.
  6419 | D:8      | Slain by a komodo dragon

Levels and vault maps discovered:
D:1:      dpeg_arrival_round_a, layout_loops_corners, minmay_cut_off
D:2:      layout_basic, basic_altar, shapermc_ecumenical_altar_ellora,
          uniq_crazy_yiuf_cottage
D:3:      minmay_chambers_of_twos, layout_loops_ring,
          ebering_ghost_reflecting_pool, minmay_increasing_density
D:4:      layout_cave_pools, mainiacjoe_overflow_brackets, serial_shops, shop
D:5:      layout_gridville, mainiacjoe_overflow_catwalk, serial_bayou_pond_e,
          corexii_hall_statues_u
D:6:      layout_loops_cross, minitemple, uniq_grinder, uniq_edmund,
          uniq_blork_the_orc
D:7:      layout_loops_ring, nemelex_xobeh_ov_fountains_minmay,
          minmay_temple_entry_statues_fountains
D:8:      layout_loops_cross, kennysheep_mini_moat, david_lair_shrubbed,
          worms_lemuel
Temple:   kb_temple_of_zot

Skill      XL: |  1  2  3  4  5  6  7  8  9 |
---------------+----------------------------+-----
Ranged Weapons | 6 7 8 9 10 12 14 15 | 15.2
Fighting       | 2 3 |  3.7
Armour         | 1 |  1.2
Dodging        | 4 5 |  5.0
Stealth        | |  1.2

Action                     |  1- 3 |  4- 6 |  7- 9 || total
---------------------------+-------+-------+-------++-------
   Fire: Shortbow          |   137 |    40 |       ||   177
         Orcbow            |       |   105 |   162 ||   267
 Invoke: Heroism           |       |       |     3 ||     3
    Use: Scroll            |     2 |     9 |     5 ||    16
         Potion            |       |     6 |       ||     6
 Armour: Leather armour    |     7 |     6 |       ||    13
         Scale mail        |       |    16 |    20 ||    36
         Ring mail         |       |       |    10 ||    10
  Dodge: Dodged            |    43 |    52 |   101 ||   196
  Block: Other             |       |     3 |    32 ||    35

Table legend:
 A = Non-vault XP
 B = Vault XP
 C = Vault XP percentage of total XP
 D = Non-vault monster count
 E = Vault monster count
 F = Vault count percentage of total count
                 A         B        C        D         E       F
            +---------+---------+-------+---------+---------+-------
      Total |    3066 |     619 |  16.8 |     123 |      24 |  16.3
            +---------+---------+-------+---------+---------+-------
        D:1 |      59 |       7 |  10.6 |      34 |       4 |  10.5
        D:2 |      78 |       0 |   0.0 |      14 |       0 |   0.0
        D:3 |      23 |      57 |  71.2 |       7 |      17 |  70.8
        D:4 |     262 |       0 |   0.0 |      15 |       0 |   0.0
        D:5 |     323 |     169 |  34.3 |      10 |       1 |   9.1
        D:6 |     740 |     386 |  34.3 |      13 |       2 |  13.3
        D:7 |     712 |       0 |   0.0 |      18 |       0 |   0.0
        D:8 |     869 |       0 |   0.0 |      12 |       0 |   0.0
            +---------+---------+-------+---------+---------+-------
